 Dungeon Crawl Stone Soup version 0.21.1-1-g345015fe64 (webtiles) character file.

3022 Loge the Cleaver (level 9, 0/81 HPs)
             Began as a Minotaur Berserker on July 13, 2018.
             Was a High Priest of Trog.
             Slain by Pikel
             ... wielding a +0 whip of electrocution
              (5 damage)
             ... on level 7 of the Dungeon.
             The game lasted 00:15:14 (7113 turns).

Loge the Cleaver (Minotaur Berserker)               Turns: 7113, Time: 00:15:14

Health: 0/81       AC: 13    Str: 24    XL:     9   Next: 55%
Magic:  8/8        EV: 10    Int:  4    God:    Trog [*****.]
Gold:   356        SH:  0    Dex: 11    Spells: 8/8 levels left

rFire    . . .     SeeInvis .   K - +0 battleaxe
rCold    + . .     Gourm    .   (shield currently unavailable)
rNeg     . . .     Faith    +   y - +0 plate armour
rPois    .         Spirit   .   (helmet restricted)
rElec    .         Reflect  .   (no cloak)
rCorr    +         Harm     .   (no gloves)
MR       .....                  (no boots)
Stlth    ..........             D - amulet of faith
HPRegen  0.23/turn              o - ring of resist corrosion
MPRegen  0.11/turn              N - ring of protection from cold

@: no status effects
A: retaliatory headbutt, horns 2
a: Berserk, Trog's Hand, Brothers in Arms, Burn Spellbooks, Renounce Religion


You were on level 7 of the Dungeon.
You worshipped Trog.
Trog was extremely pleased with you.
You were not hungry.

You visited 1 branch of the dungeon, and saw 7 of its levels.
You also visited: Ossuary.

You collected 356 gold pieces.

Inventory:

Hand Weapons
 a - a +0 hand axe
 K - a +0 battleaxe (weapon)
 L - a +1 hand axe of holy wrath
Missiles
 i - 75 sling bullets
 r - 21 poisoned needles
 t - 178 stones (quivered)
 v - 201 arrows
 G - 2 javelins
 J - 7 tomahawks
Armour
 y - a +0 plate armour (worn)
Jewellery
 o - a ring of resist corrosion (left hand)
 D - an amulet of faith (around neck)
 E - an uncursed ring of ice
 M - an uncursed amulet of regeneration {unknown}
 N - a ring of protection from cold (right hand)
Wands
 w - a wand of paralysis (20)
 H - a wand of scattershot (5)
Scrolls
 f - 6 scrolls of fog
 h - 3 scrolls of enchant armour {unknown}
 k - 7 scrolls of identify
 l - 4 scrolls of remove curse {unknown}
 m - 3 scrolls of fear {unknown}
 n - a scroll of immolation {unknown}
 u - a scroll of magic mapping {unknown}
 x - 5 scrolls of teleportation {unknown}
 A - 2 scrolls of amnesia {unknown}
 C - a scroll of summoning {unknown}
 O - a scroll of enchant weapon {unknown}
Potions
 b - 2 potions of invisibility
 d - a potion of flight
 e - 2 potions of haste
 g - 2 potions of cancellation
 j - 3 potions of brilliance
 p - a potion of magic {unknown}
 q - 2 potions of lignification {unknown}
 s - 3 potions of curing
 z - 3 potions of heal wounds {unknown}
 B - a potion of ambrosia {unknown}
 F - a potion of resistance {unknown}
Comestibles
 c - 12 rations
 I - 4 chunks of flesh


   Skills:
 + Level 8.0 Fighting
 * Level 10.6 Axes
 + Level 7.5 Armour
 + Level 6.9 Dodging


You had 8 spell levels left.
You didn't know any spells.

Dungeon Overview and Level Annotations

Branches:
Dungeon (7/15)
 Temple: D:4-7

Altars:
Fedhas
Kikubaaqudgha
Makhleb
Sif Muna
Uskayaw
The Shining One

Annotations:
D:7 exclusion: ice statue, Pikel


Innate Abilities, Weirdness & Mutations

You reflexively headbutt those who attack you in melee.
You have a pair of horns on your head.


Message History

You kill the slave!
That felt strangely unrewarding.
You slash the slave!
You kill the slave!
That felt strangely unrewarding.
The slave barely misses you.
Pikel hits you with a whip of electrocution.
You are electrocuted!
* * * LOW HITPOINT WARNING * * *
The slave hits you.
* * * LOW HITPOINT WARNING * * *
You hit Pikel.
Pikel is severely wounded.
You hit the slave but do no damage. Pikel completely misses you.
The slave hits you but does no damage. Pikel hits you but does no damage.
You closely miss Pikel.
Pikel is severely wounded.
Your plate armour prevents you from hitting the slave.
The slave hits you.
* * * LOW HITPOINT WARNING * * *
Pikel hits you with a whip of electrocution.
You die...

#. ##.## ##.#
#..###.#.###..#
#.....#.....##
#.##.###.####
#.##.....#
#......###
##.....##
#.......#
#.[@[.#.#
#.[Kp.#..#
#......#>#
#........#
#....≈.≈.%.
###...⌠..##
#..≈≈≈.#
#......#


You could see Pikel and a slave.

Vanquished Creatures
  The ghost of abdbla the Fighter, a novice GrFi of Qazlal (D:7)
  The ghost of raetorn the Sneak, a novice VSBe of Trog (D:4)
  Menkaure (Ossuary)
  A water moccasin (D:5)
  3 slaves (D:7)
  An orc warrior (D:7)
  An ice beast (D:6)
  4 ogres
  2 sky beasts
  A phantom (D:3)
  2 centaurs
  5 wights (D:6)
  3 hounds
  2 jellies (D:5)
  4 orc priests
  3 orc wizards
  2 iguanas
  Jessica (D:2)
  A centaur skeleton (D:6)
  Ijyb (D:3)
  Natasha (thrice) (D:2 D:4)
  3 worker ants
  A hound zombie (D:6)
  A hound skeleton (D:6)
  4 mummies
  7 gnolls
  9 adders
  3 worms
  3 dart slugs
  13 orcs
  2 ball pythons
  4 giant cockroaches
  9 hobgoblins
  8 jackals
  A quokka (D:6)
  5 bats
  8 frilled lizards
  6 gnoll skeletons (Ossuary)
  2 gnoll zombies (Ossuary)
  4 goblins
  A goblin skeleton (Ossuary)
  3 goblin zombies
  3 hobgoblin skeletons (Ossuary)
  6 hobgoblin zombies
  A jackal zombie (D:6)
  4 kobolds
  A kobold skeleton (Ossuary)
  2 kobold zombies (Ossuary)
  A leopard gecko skeleton (D:5)
  A leopard gecko zombie (D:6)
  4 orc skeletons (Ossuary)
  4 orc zombies (Ossuary)
  A quokka skeleton (D:6)
  10 rats
  4 rat skeletons (Ossuary)
  5 rat zombies (Ossuary)
187 creatures vanquished.

Vanquished Creatures (others)
  A gnoll skeleton (Ossuary)
  A goblin skeleton (Ossuary)
  2 goblin zombies (Ossuary)
  A hobgoblin skeleton (Ossuary)
  2 hobgoblin zombies (Ossuary)
  A kobold skeleton (Ossuary)
  An orc skeleton (Ossuary)
  An orc zombie (Ossuary)
  A rat skeleton (Ossuary)
11 creatures vanquished.

Grand Total: 198 creatures vanquished

Notes
Turn   | Place    | Note
-------+----------+-------------------------------------------
     0 | D:1      | Loge the Minotaur Berserker began the quest for the Orb.
     0 | D:1      | Reached XP level 1. HP: 19/19 MP: 0/0
   508 | D:2      | Reached XP level 2. HP: 27/27 MP: 1/1
   509 | D:2      | Noticed Jessica
   511 | D:2      | Reached skill level 4 in Axes
   513 | D:2      | Killed Jessica
   513 | D:2      | Reached XP level 3. HP: 33/33 MP: 2/2
   613 | D:2      | Noticed Natasha
   614 | D:2      | Noticed a dagger
   614 | D:2      | Noticed a hand axe
   615 | D:2      | Found a hide-covered altar of Uskayaw.
   624 | D:2      | HP: 1/49 [Natasha (2)]
   625 | D:2      | Killed Natasha
   917 | D:2      | Reached XP level 4. HP: 37/40 MP: 3/3
  1057 | D:2      | Found a glowing golden altar of the Shining One.
  1590 | D:3      | Reached ** piety under Trog
  1810 | D:3      | Reached skill level 5 in Axes
  2018 | D:3      | Noticed an ogre
  2025 | D:3      | Killed an ogre
  2025 | D:3      | Reached XP level 5. HP: 24/47 MP: 4/4
  2740 | D:3      | Noticed Ijyb
  2745 | D:3      | Paralysed by Ijyb for 2 turns
  2754 | D:3      | Killed Ijyb
  2754 | D:3      | Reached XP level 6. HP: 55/55 MP: 5/5
  3197 | D:3      | Reached skill level 6 in Axes
  3211 | D:3      | Reached skill level 5 in Fighting
  3418 | D:4      | Reached XP level 7. HP: 61/61 MP: 6/6
  3463 | D:4      | Noticed raetorn's ghost (novice VSBe)
  3475 | D:4      | Killed raetorn's ghost
  3475 | D:4      | Reached skill level 7 in Axes
  3544 | D:4      | Reached skill level 5 in Armour
  3594 | D:4      | Noticed Natasha
  3599 | D:4      | Killed Natasha
  3736 | D:4      | Noticed Natasha
  3739 | D:4      | Killed Natasha
  3904 | D:4      | Found a sand-covered staircase.
  3910 | Ossuary  | Entered an ossuary
  3914 | Ossuary  | Reached *** piety under Trog
  4111 | Ossuary  | Reached **** piety under Trog
  4170 | Ossuary  | Noticed Menkaure
  4177 | Ossuary  | Killed Menkaure
  4727 | D:5      | Entered Level 5 of the Dungeon
  4753 | D:5      | Reached skill level 8 in Axes
  4753 | D:5      | Reached skill level 5 in Dodging
  4753 | D:5      | Reached XP level 8. HP: 69/70 MP: 7/7
  4808 | D:5      | Found a blossoming altar of Fedhas.
  5106 | D:5      | Found a deep blue altar of Sif Muna.
  5468 | D:6      | Reached skill level 9 in Axes
  6046 | D:6      | Reached ***** piety under Trog
  6199 | D:6      | Reached XP level 9. HP: 79/79 MP: 8/8
  6312 | D:6      | Found an ancient bone altar of Kikubaaqudgha.
  6645 | D:7      | Noticed an ice statue
  6723 | D:7      | Reached skill level 10 in Axes
  6823 | D:7      | Found a burning altar of Makhleb.
  6897 | D:7      | Noticed abdbla's ghost (novice GrFi)
  6910 | D:7      | Killed abdbla's ghost
  7099 | D:7      | Noticed Pikel
  7113 | D:7      | Slain by Pikel

Skill      XL: |  1  2  3  4  5  6  7  8  9 |
---------------+----------------------------+-----
Axes           | 4 5 6 8 9 10 | 10.6
Fighting       | 4 5 6 7 8 |  8.0
Armour         | 3 4 5 6 7 |  7.5
Dodging        | 3 4 5 6 |  6.9

Action                   |  1- 3 |  4- 6 |  7- 9 || total
-------------------------+-------+-------+-------++-------
Melee: Hand axe          |    34 |   145 |   304 ||   483
       Headbutt          |     6 |    27 |    96 ||   129
       Battleaxe         |       |       |    30 ||    30
Invok: Berserk           |     1 |       |     2 ||     3
  Use: Scroll            |       |     7 |       ||     7
  Eat: Chunk             |     1 |     8 |    10 ||    19
       Ration            |       |       |     1 ||     1
Armor: Leather armour    |     4 |     6 |       ||    10
       Animal skin       |     1 |       |       ||     1
       Chain mail        |       |    44 |    37 ||    81
       Plate armour      |       |       |   105 ||   105
Dodge: Dodged            |    29 |    71 |   135 ||   235
